| TOP OF THE 1ST |
|
Tucson Toros batting - Pitching for San Jose Missions : RHP Tim Hamm
|
|
Pitching: RHP Tim Hamm
|
|
|
Batting: LHB Juan Bustabad
|
0-0: Swinging Strike 0-1: Fly out, F8 (Flyball, 8LS, EV 91.3 MPH)
|
|
Batting: RHB Lee Muszynski
|
0-0: Ball 1-0: Foul Ball, location: 2F 1-1: Foul Ball, location: 2F 1-2: Strikes out looking
|
|
Batting: RHB Kevin McReynolds
|
0-0: Foul Ball, location: 2F 0-1: Swinging Strike 0-2: SOLO HOME RUN (Flyball, 7D, EV 85.6 MPH), Distance : 378 ft
|
|
Batting: LHB Tim Krauss
|
0-0: Ball 1-0: Foul Ball, location: 2F 1-1: Ball 2-1: Foul Ball, location: 2F 2-2: Ball 3-2: Base on Balls
|
|
Batting: RHB David Holmes
|
0-0: Foul Ball, location: 2F 0-1: Hit by Pitch Tim Krauss to second
|
|
Batting: LHB Pat Dodson
|
0-0: Ball 1-0: SINGLE (Flyball, 6MD, EV 92.5 MPH) Tim Krauss to third David Holmes to second Runner from 3rd tries for Home, SAFE, throw by CF to home
|
|
Batting: RHB Talmadge Tanks
|
0-0: Ball 1-0: Ball Wild Pitch! David Holmes to third Pat Dodson to second 2-0: Called Strike 2-1: Foul Ball, location: 2F 2-2: Ball 3-2: Strikes out swinging, 2-3 out at first.
|
| Top of the 1st over - 2 runs, 2 hits, 0 errors, 2 left on base; Tucson 2 - San Jose 0 |
| BOTTOM OF THE 1ST |
|
San Jose Missions batting - Pitching for Tucson Toros : RHP Jim Acker
|
|
Pitching: RHP Jim Acker
|
|
|
Batting: LHB Steven Michael
|
0-0: Ball 1-0: Ball 2-0: Swinging Strike 2-1: SINGLE (Line Drive, 8RS, EV 104.4 MPH)
|
|
Batting: LHB Glen Franklin
|
0-0: Ball 1-0: Ball 2-0: Called Strike 2-1: Foul Ball, location: 2F 2-2: Ball 3-2: Fielders Choice at 2nd, 4-6 (Groundball, 4, EV 87.5 MPH)
|
|
Batting: SHB David Piller
|
0-0: Called Strike 0-1: Ball 1-1: Fielders Choice at 2nd, 6-4 (Groundball, 6, EV 83.1 MPH)
|
|
Batting: RHB Paul Runge
|
0-0: Called Strike 0-1: Fly out, F7 (Flyball, 78M, EV 94.4 MPH)
|
| Bottom of the 1st over - 0 runs, 1 hit, 0 errors, 1 left on base; Tucson 2 - San Jose 0 |
| TOP OF THE 2ND |
|
Tucson Toros batting - Pitching for San Jose Missions : RHP Tim Hamm
|
|
Batting: SHB Kevin King
|
0-0: Ball 1-0: SINGLE (Line Drive, 4D, EV 108.1 MPH)
|
|
Batting: SHB Michael Miara
|
0-0: Foul Ball, location: 2F 0-1: Ball 1-1: Ball 2-1: Ball 3-1: Base on Balls Kevin King to second
|
|
Batting: LHB Juan Bustabad
|
0-0: Ball 1-0: Ball 2-0: Ball 3-0: Called Strike 3-1: Called Strike 3-2: Foul Ball, location: 2F 3-2: Base on Balls Kevin King to third Michael Miara to second
|
|
Batting: RHB Lee Muszynski
|
0-0: Foul Ball, location: 2F 0-1: Fielders Choice at 2nd, 3-6 (Groundball, 13, EV 93.1 MPH) Kevin King scores Michael Miara to third
|
|
Batting: RHB Kevin McReynolds
|
0-0: Fly out, F8 (Line Drive, 8LM, EV 93.8 MPH) Runner from 3rd tags up, SCORES, no throw by CF
|
|
Batting: LHB Tim Krauss
|
0-0: Ball 1-0: Fly out, F6 (Popup, 6, EV 74.4 MPH)
|
| Top of the 2nd over - 2 runs, 1 hit, 0 errors, 1 left on base; Tucson 4 - San Jose 0 |
| BOTTOM OF THE 2ND |
|
San Jose Missions batting - Pitching for Tucson Toros : RHP Jim Acker
|
|
Batting: RHB Vance Law
|
0-0: Called Strike 0-1: SINGLE (Groundball, 34D, EV 95.6 MPH)
|
|
Batting: LHB Jesus Valerio
|
0-0: Ball 1-0: Foul Ball, location: 2F 1-1: Swinging Strike 1-2: Strikes out swinging
|
|
Batting: RHB Ozzie Virgil
|
0-0: Fly out, F4 (Flyball, 3D, EV 83.1 MPH)
|
|
Batting: RHB Pablo Cardiel
|
0-0: Fly out, F8 (Flyball, 8LD, EV 99.4 MPH)
|
| Bottom of the 2nd over - 0 runs, 1 hit, 0 errors, 1 left on base; Tucson 4 - San Jose 0 |
| TOP OF THE 3RD |
|
Tucson Toros batting - Pitching for San Jose Missions : RHP Tim Hamm
|
|
Batting: RHB David Holmes
|
0-0: Ball 1-0: Ball 2-0: Ball 3-0: Base on Balls
|
|
Batting: LHB Pat Dodson
|
0-0: Fly out, F1 (Popup, 15, EV 82.5 MPH)
|
|
Batting: RHB Talmadge Tanks
|
0-0: Ball 1-0: Called Strike 1-1: Swinging Strike 1-2: Ball 2-2: Ball 3-2: Foul Ball, location: 2F 3-2: Strikes out swinging
|
|
Batting: SHB Kevin King
|
0-0: Ball 1-0: Fly out, F7 (Flyball, 7LM, EV 98.8 MPH)
|
| Top of the 3rd over - 0 runs, 0 hits, 0 errors, 1 left on base; Tucson 4 - San Jose 0 |
| BOTTOM OF THE 3RD |
|
San Jose Missions batting - Pitching for Tucson Toros : RHP Jim Acker
|
|
Batting: SHB Kenny Young
|
0-0: Called Strike 0-1: Called Strike 0-2: Ball 1-2: Ball 2-2: SINGLE (Groundball, 34D, EV 103.8 MPH)
|
|
Batting: LHB Steven Michael
|
0-0: Called Strike Kenny Young steals 2nd base (no throw) 0-1: Fly out, F6 (Popup, P, EV 78.8 MPH)
|
|
Batting: LHB Glen Franklin
|
0-0: Fly out, F8 (Flyball, 89M, EV 91.9 MPH)
|
|
Batting: SHB David Piller
|
0-0: Ball 1-0: Ball 2-0: Called Strike 2-1: Foul Ball, location: 2F 2-2: Ball 3-2: Foul Ball, location: 2F 3-2: Foul Ball, location: 2F 3-2: Base on Balls
|
|
Batting: RHB Paul Runge
|
0-0: Called Strike 0-1: Ball 1-1: Foul Ball, location: 2F 1-2: Ground out 6-3 (Groundball, 6S, EV 82.5 MPH)
|
| Bottom of the 3rd over - 0 runs, 1 hit, 0 errors, 2 left on base; Tucson 4 - San Jose 0 |
| TOP OF THE 4TH |
|
Tucson Toros batting - Pitching for San Jose Missions : RHP Tim Hamm
|
|
Batting: SHB Michael Miara
|
0-0: Ball 1-0: Ball 2-0: Called Strike 2-1: Ground out 3-1 (Groundball, 34S, EV 84.4 MPH)
|
|
Batting: LHB Juan Bustabad
|
0-0: Ball 1-0: Ground out 4-3 (Groundball, 4, EV 84.4 MPH)
|
|
Batting: RHB Lee Muszynski
|
0-0: Called Strike 0-1: Fly out, F8 (Flyball, 78XD, EV 106.3 MPH)
|
| Top of the 4th over - 0 runs, 0 hits, 0 errors, 0 left on base; Tucson 4 - San Jose 0 |
| BOTTOM OF THE 4TH |
|
San Jose Missions batting - Pitching for Tucson Toros : RHP Jim Acker
|
|
Batting: RHB Vance Law
|
0-0: Fly out, F9 (Flyball, 89S, EV 88.1 MPH)
|
|
Batting: LHB Jesus Valerio
|
0-0: Ball 1-0: SINGLE (Groundball, 25, EV 68.1 MPH) (infield hit)
|
|
Batting: RHB Ozzie Virgil
|
0-0: Called Strike 0-1: Ball 1-1: Foul Ball, location: 2F 1-2: Fielders Choice at 2nd, 5-4 (Groundball, 56S, EV 91.9 MPH)
|
|
Batting: RHB Pablo Cardiel
|
0-0: Ball 1-0: Ground out 5-3 (Groundball, 56, EV 106.9 MPH)
|
| Bottom of the 4th over - 0 runs, 1 hit, 0 errors, 1 left on base; Tucson 4 - San Jose 0 |
| TOP OF THE 5TH |
|
Tucson Toros batting - Pitching for San Jose Missions : RHP Tim Hamm
|
|
Batting: RHB Kevin McReynolds
|
0-0: Called Strike 0-1: Foul Ball, location: 2F 0-2: Ball 1-2: Foul Ball, location: 2F 1-2: Strikes out swinging
|
|
Batting: LHB Tim Krauss
|
0-0: Fly out, F6 (Popup, P, EV 79.4 MPH)
|
|
Batting: RHB David Holmes
|
0-0: Fly out, F8 (Line Drive, 8RM, EV 106.3 MPH)
|
| Top of the 5th over - 0 runs, 0 hits, 0 errors, 0 left on base; Tucson 4 - San Jose 0 |
| BOTTOM OF THE 5TH |
|
San Jose Missions batting - Pitching for Tucson Toros : RHP Jim Acker
|
|
Batting: SHB Kenny Young
|
0-0: Ball 1-0: Swinging Strike 1-1: Foul Ball, location: 2F 1-2: Fly out, F7 (Flyball, 7LM, EV 92.5 MPH)
|
|
Batting: LHB Steven Michael
|
0-0: Called Strike 0-1: Ball 1-1: Ground out 6-3 (Groundball, 6M, EV 103.1 MPH)
|
|
Batting: LHB Glen Franklin
|
0-0: Reached on error, E1 (Groundball, 15S, EV 67.5 MPH)
|
|
Batting: SHB David Piller
|
0-0: Ball 1-0: Ball Glen Franklin is caught stealing 2nd base 2-6
|
| Bottom of the 5th over - 0 runs, 0 hits, 1 error, 0 left on base; Tucson 4 - San Jose 0 |
| TOP OF THE 6TH |
|
Tucson Toros batting - Pitching for San Jose Missions : RHP Tim Hamm
|
|
Batting: LHB Pat Dodson
|
0-0: Called Strike 0-1: Fly out, F8 (Line Drive, 8RD, EV 93.1 MPH)
|
|
Batting: RHB Talmadge Tanks
|
0-0: Called Strike 0-1: SINGLE (Groundball, 56S, EV 68.1 MPH) (infield hit)
|
|
Batting: SHB Kevin King
|
0-0: Ball 1-0: Called Strike 1-1: Foul Ball, location: 2F 1-2: Foul Ball, location: 2F 1-2: Foul Ball, location: 2F 1-2: Strikes out swinging
|
|
Batting: SHB Michael Miara
|
0-0: Fly out, F7 (Flyball, 78S, EV 82.5 MPH)
|
| Top of the 6th over - 0 runs, 1 hit, 0 errors, 1 left on base; Tucson 4 - San Jose 0 |
| BOTTOM OF THE 6TH |
|
San Jose Missions batting - Pitching for Tucson Toros : RHP Jim Acker
|
|
Batting: SHB David Piller
|
0-0: Ball 1-0: Called Strike 1-1: Foul Ball, location: 2F 1-2: Fly out, F8 (Flyball, 8LM, EV 88.1 MPH)
|
|
Batting: RHB Paul Runge
|
0-0: Ball 1-0: Swinging Strike 1-1: Called Strike 1-2: Ball 2-2: Ball 3-2: Foul Ball, location: 2F 3-2: Ground out 4-3 (Groundball, 4, EV 80.0 MPH)
|
|
Batting: RHB Vance Law
|
0-0: Ball 1-0: Swinging Strike 1-1: Ball 2-1: Ground out 1-3 (Groundball, 34S, EV 66.3 MPH)
|
| Bottom of the 6th over - 0 runs, 0 hits, 0 errors, 0 left on base; Tucson 4 - San Jose 0 |
| TOP OF THE 7TH |
|
Tucson Toros batting - Pitching for San Jose Missions : RHP Tim Hamm
|
|
Batting: LHB Juan Bustabad
|
0-0: Called Strike 0-1: SINGLE (Flyball, 89S, EV 95.6 MPH)
|
|
Batting: RHB Lee Muszynski
|
0-0: Ball 1-0: Bunt missed! 1-1: Bunt missed! 1-2: Ball 2-2: SINGLE (Groundball, 6MD, EV 94.4 MPH) Juan Bustabad to second Runner from 2nd tries for 3rd, SAFE, throw by CF made to third
|
|
Batting: RHB Kevin McReynolds
|
0-0: 3-RUN HOME RUN (Flyball, 78XD, EV 110.0 MPH), Distance : 390 ft
|
|
Pitching: RHP William Swiacki
|
|
|
Batting: LHB Tim Krauss
|
0-0: Ball 1-0: Foul Ball, location: 2F 1-1: Fly out, F6 (Popup, 6, EV 63.1 MPH)
|
|
Batting: RHB David Holmes
|
0-0: Called Strike 0-1: Ball 1-1: Ball 2-1: Foul Ball, location: 2F 2-2: Fly out, F8 (Flyball, 8RD, EV 99.4 MPH)
|
|
Batting: LHB Pat Dodson
|
0-0: Ball 1-0: Ball 2-0: Called Strike 2-1: Fly out, F7 (Flyball, 78S, EV 84.4 MPH)
|
| Top of the 7th over - 3 runs, 3 hits, 0 errors, 0 left on base; Tucson 7 - San Jose 0 |
| BOTTOM OF THE 7TH |
|
San Jose Missions batting - Pitching for Tucson Toros : RHP Jim Acker
|
|
Pinch Hitting: LHB Raymond Alonzo
|
0-0: Called Strike 0-1: Ball 1-1: Foul Ball, location: 2F 1-2: Foul Ball, location: 2F 1-2: Ball 2-2: Ball 3-2: Strikes out swinging
|
|
Batting: RHB Ozzie Virgil
|
0-0: Ball 1-0: Fly out, F8 (Line Drive, 8LM, EV 96.3 MPH)
|
|
Pinch Hitting: RHB John Stevenson
|
0-0: Called Strike 0-1: Ground out 5-3 (Groundball, 56, EV 106.9 MPH)
|
| Bottom of the 7th over - 0 runs, 0 hits, 0 errors, 0 left on base; Tucson 7 - San Jose 0 |
| TOP OF THE 8TH |
|
Tucson Toros batting - Pitching for San Jose Missions : RHP William Swiacki
|
|
Now at SS: John Stevenson
|
|
|
Now in CF: Raymond Alonzo
|
|
|
Batting: RHB Talmadge Tanks
|
0-0: Swinging Strike 0-1: Foul Ball, location: 2F 0-2: Ball 1-2: Ground out 6-3 (Groundball, 6, EV 83.8 MPH)
|
|
Batting: SHB Kevin King
|
0-0: Ground out 6-3 (Groundball, 6S, EV 74.4 MPH)
|
|
Batting: SHB Michael Miara
|
0-0: Ball 1-0: Called Strike 1-1: Ball 2-1: Fly out, F8 (Flyball, 8RM, EV 86.9 MPH)
|
| Top of the 8th over - 0 runs, 0 hits, 0 errors, 0 left on base; Tucson 7 - San Jose 0 |
| BOTTOM OF THE 8TH |
|
San Jose Missions batting - Pitching for Tucson Toros : RHP Jim Acker
|
|
Batting: SHB Kenny Young
|
0-0: Called Strike 0-1: Fly out, F6 (Popup, 6MS, EV 74.4 MPH)
|
|
Pinch Hitting: RHB Michael Codiroli
|
0-0: Ball 1-0: Ball 2-0: Called Strike 2-1: Called Strike 2-2: Foul Ball, location: 2F 2-2: Strikes out swinging, 2-3 out at first.
|
|
Batting: LHB Glen Franklin
|
0-0: Ball 1-0: Foul Ball, location: 2F 1-1: Swinging Strike 1-2: Ball 2-2: DOUBLE (Line Drive, 78XD, EV 106.9 MPH)
|
|
Pitching: RHP Glenn Abbott
|
|
|
Batting: SHB David Piller
|
0-0: Ball 1-0: Swinging Strike 1-1: Ball 2-1: Foul Ball, location: 2F 2-2: Foul Ball, location: 2F 2-2: Foul Ball, location: 2F 2-2: Foul Ball, location: 2F 2-2: Ground out 4-3 (Groundball, 34, EV 105.6 MPH)
|
| Bottom of the 8th over - 0 runs, 1 hit, 0 errors, 1 left on base; Tucson 7 - San Jose 0 |
| TOP OF THE 9TH |
|
Tucson Toros batting - Pitching for San Jose Missions : RHP William Swiacki
|
|
Now in RF: Michael Codiroli
|
|
|
Batting: LHB Juan Bustabad
|
0-0: Ball 1-0: Ground out 6-3 (Groundball, 6, EV 110.0 MPH)
|
|
Batting: RHB Lee Muszynski
|
0-0: Ball 1-0: Ground out 5-3 (Groundball, 5S, EV 57.5 MPH)
|
|
Pinch Hitting: LHB Jeremy Penk
|
0-0: Called Strike 0-1: Ground out 5-3 (Groundball, 56, EV 100.0 MPH)
|
| Top of the 9th over - 0 runs, 0 hits, 0 errors, 0 left on base; Tucson 7 - San Jose 0 |
| BOTTOM OF THE 9TH |
|
San Jose Missions batting - Pitching for Tucson Toros : RHP Glenn Abbott
|
|
Now in LF: Jeremy Penk
|
|
|
Batting: RHB Paul Runge
|
0-0: Called Strike 0-1: Foul Ball, location: 2F 0-2: Ball 1-2: Strikes out swinging
|
|
Batting: RHB Vance Law
|
0-0: Called Strike 0-1: Fly out, F7 (Flyball, 7LS, EV 92.5 MPH)
|
|
Batting: LHB Raymond Alonzo
|
0-0: Fly out, F7 (Flyball, 7, EV 88.8 MPH)
|
| Bottom of the 9th over - 0 runs, 0 hits, 0 errors, 0 left on base; Tucson 7 - San Jose 0 |
|